 Dungeon Crawl Stone Soup version 0.20.1-1-g8b1a95d (webtiles) character file.

211 OneorTwo the Poker (level 5, -1/41 HPs)
             Began as a Merfolk Gladiator on Aug 7, 2017.
             Slain by an orc warrior
             ... wielding a +0 battleaxe
              (16 damage)
             ... on level 4 of the Dungeon.
             The game lasted 00:14:56 (3431 turns).

OneorTwo the Poker (Merfolk Gladiator)              Turns: 3431, Time: 00:14:57

Health: -1/41      AC:  1    Str: 20    XL:     5   Next: 88%
Magic:  5/5        EV: 15    Int:  7    God:
Gold:   234        SH:  0    Dex: 15    Spells: 4/4 levels left

rFire    . . .     SeeInvis .   a - +1 trident
rCold    . . .     Gourm    .   (no shield)
rNeg     . . .     Faith    .   (no armour)
rPois    .         Spirit   .   s - +0 helmet
rElec    .         Reflect  .   (no cloak)
rCorr    .         Harm     .   (no gloves)
MR       .....                  (no boots)
Stlth    +.........             (no amulet)
Regen    0.2/turn               k - +4 ring of strength
MPRegen  0.1/turn               (no ring)

@: no status effects
A: change form in water, swift swim, stealthy swim
a: no special abilities


You were on level 4 of the Dungeon.
You were not hungry.

You visited 1 branch of the dungeon, and saw 4 of its levels.

You collected 234 gold pieces.

Inventory:

Hand Weapons
 a - a +1 trident (weapon)
 p - a +1 hunting sling of flaming
Missiles
 d - 3 throwing nets
 e - 170 stones (quivered)
Armour
 s - a +0 helmet (worn)
Jewellery
 k - a +4 ring of strength (left hand)
Scrolls
 t - a scroll of teleportation
 u - 2 scrolls of identify
Potions
 h - 2 potions of lignification {unknown}
 j - 2 potions of haste
 n - a potion of heal wounds {unknown}
 r - a potion of resistance {unknown}
 v - a potion of mutation {unknown}
Comestibles
 f - 7 bread rations
 g - a meat ration
 m - a royal jelly


   Skills:
 + Level 3.5 Fighting
 * Level 7.9 Polearms
 - Level 2.0 Throwing
 + Level 4.7 Dodging


You had 4 spell levels left.
You didn't know any spells.

Dungeon Overview and Level Annotations

Branches:
Dungeon (4/15)
 Temple: D:4-7

Altars:
Uskayaw
Vehumet


Message History

The orc warrior is moderately wounded.
The orc warrior barely misses you.
An ogre comes into view. It is wielding a giant spiked club.
The ogre shouts!
You hit the orc warrior but do no damage.
The orc warrior is moderately wounded.
The orc warrior barely misses you.
You hit the orc warrior.
The orc warrior is heavily wounded.
The orc wizard casts a spell.
The orc wizard flickers and vanishes!
Deactivating autopickup; reactivate with Ctrl-A.
The orc warrior hits you with a battleaxe!!
Ouch! That really hurt!
You hit the orc warrior but do no damage.
The orc warrior is heavily wounded.
You hit the orc warrior.
The orc warrior is heavily wounded.
The orc warrior hits you with a battleaxe!
You die... #.. .. ##.. #.. #So

#{# #o# #@#
###### ##.#
#.#... #..#
#.#..# #.##
#####.#..#
#.#
#.....#..#
#####.#
#.#####..#
#..>.[# #.#
#..#
#.....#
##'#####..#
#####.....#
#.)..[##...


You could see an orc warrior, an adder and an orc.

Vanquished Creatures
  A hound (D:4)
  5 adders
  An ooze (D:1)
  3 worms
  4 dart slugs
  6 leopard geckos
  5 orcs
  3 giant cockroaches
  9 goblins
  14 hobgoblins
  6 jackals
  2 quokkas (D:3)
  18 bats
  8 frilled lizards
  11 kobolds
  6 rats
102 creatures vanquished.

Notes
Turn   | Place    | Note
-------+----------+-------------------------------------------
     0 | D:1      | OneorTwo the Merfolk Gladiator began the quest for the Orb.
     0 | D:1      | Reached XP level 1. HP: 16/16 MP: 1/1
   128 | D:1      | Reached skill level 5 in Polearms
   128 | D:1      | Reached XP level 2. HP: 8/23 MP: 2/2
   522 | D:1      | Reached XP level 3. HP: 26/28 MP: 3/3
   531 | D:1      | Reached skill level 6 in Polearms
  1073 | D:2      | Reached XP level 4. HP: 21/34 MP: 4/4
  1618 | D:2      | Reached skill level 7 in Polearms
  2200 | D:3      | Reached XP level 5. HP: 38/41 MP: 5/5
  2555 | D:3      | Found a hide-covered altar of Uskayaw.
  2556 | D:3      | Noticed a dagger
  2557 | D:3      | Noticed a hand axe
  3221 | D:4      | Found a radiant altar of Vehumet.
  3420 | D:4      | Noticed an orc warrior
  3428 | D:4      | Noticed an ogre
  3431 | D:4      | Slain by an orc warrior

Skill      XL: |  1  2  3  4 |
---------------+-------------+-----
Polearms       | 5 6 7 |  7.9
Fighting       | 3 |  3.5
Throwing       | |  2.0
Dodging        | |  4.7

Action                   |  1- 3 |  4- 6 || total
-------------------------+-------+-------++-------
Melee: Trident           |   119 |   207 ||   326
Throw: Stone             |       |     2 ||     2
  Use: Scroll            |     2 |     4 ||     6
 Stab: Sleeping          |       |     1 ||     1
  Eat: Chunk             |     1 |     7 ||     8
Armor: Leather armour    |    23 |    16 ||    39
       Scale mail        |       |    10 ||    10
Dodge: Dodged            |    72 |   105 ||   177
